 Dungeon Crawl Stone Soup version 0.30-a0-1160-g6e42c06551 (webtiles) character file.

Game seed: 3235592529397978033

262 Newt the Trooper (level 5, -6/42 HPs)
             Began as a Demonspawn Gladiator on Apr 26, 2023.
             Killed from afar by an orc wizard (10 damage)
             ... with a puff of flame
             ... on level 4 of the Dungeon.
             The game lasted 00:02:49 (2631 turns).

Newt the Trooper (Demonspawn Gladiator)             Turns: 2631, Time: 00:02:50

Health: -6/42      AC:  4    Str: 16    XL:     5   Next: 97%
Magic:  5/5        EV: 12    Int: 10    God:
Gold:   145        SH:  0    Dex: 14    Spells: 4/4 levels left

rFire   . . .        r - +6 dagger "Ripudyem" {freeze, rN+}
rCold   . . .        (no shield)
rNeg    + . .        b - +0 leather armour
rPois   .            c - +0 helmet
rElec   .            (no cloak)
rCorr   .            (no gloves)
SInv    .            (no boots)
Will    .....        f - amulet of magic regeneration
Stlth   +            g - ring of wizardry
HPRegen 0.27/turn    (no ring)
MPRegen 0.49/turn

%: wizardry (x1)
@: no status effects
A: ignite blood 1, powered by pain 1, demonic touch 1
a: no special abilities


You were on level 4 of the Dungeon.
You visited 1 branch of the dungeon, and saw 4 of its levels.

You collected 145 gold pieces.

Inventory:

Hand Weapons
 a - a +0 rapier
 j - a +0 short sword of draining
 m - a +1 dagger of electrocution
 r - the +6 dagger "Ripudyem" (weapon) {freeze, rN+}
   (You found it on level 4 of the Dungeon)

   rN:        It protects you from negative energy.
Missiles
 d - 2 throwing nets (quivered)
 e - 5 javelins
 i - 10 poisoned darts
 o - 3 curare-tipped darts
Armour
 b - a +0 leather armour (worn)
 c - a +0 helmet (worn)
Jewellery
 f - an amulet of magic regeneration (around neck)
 g - a ring of wizardry (left hand)
Wands
 n - a wand of acid (2)
Scrolls
 s - a scroll of amnesia {unknown}
Potions
 k - a potion of degeneration {unknown}
 l - a potion of attraction {unknown}
 p - a potion of heal wounds {unknown}
 q - a potion of flight {unknown}


   Skills:
 - Level 4.0 Fighting
 + Level 3.7 Short Blades
 - Level 4.0 Throwing
 - Level 2.6 Dodging


You had 4 spell levels left.
You didn't know any spells.
Your spell library contained the following spells:

 Spells                   Type           Power      Damage    Failure   Level
 Apportation              Tloc           0%         N/A       19%         1
 Necrotise                Necr           0%         1d4       19%         1
 Shock                    Conj/Air       0%         1d3       19%         1
 Summon Small Mammal      Summ           0%         N/A       19%         1
 Ensorcelled Hibernation  Hex/Ice        0%         N/A       26%         2
 Spider Form              Tmut/Pois      0%         N/A       45%         3
 Swiftness                Air            0%         N/A       45%         3
 Airstrike                Air            0%         2d(0-16)  86%         4
 Anguish                  Hex/Necr       0%         N/A       86%         4


Dungeon Overview and Level Annotations

Branches:
Dungeon (4/15)
 Temple: D:4-7

Altars:
Sif Muna


Innate Abilities, Weirdness & Mutations

Your demonic aura sometimes causes spilled blood to erupt in flames.
You sometimes gain a little power by taking damage.
Your touch may inflict minor irresistible damage on your foes.


Message History

Something hits you. Something hits you but does no damage. Something hits you.
* * * LOW HITPOINT WARNING * * *
The phantom hits you.
* * * LOW HITPOINT WARNING * * *
The quokka barely misses you.
You barely miss the phantom.
You touch the phantom.
The phantom is moderately damaged.
The phantom hits you.
* * * LOW HITPOINT WARNING * * *
You feel better. The phantom barely misses you.
Aiming: Corrosive Bolt
Press: ? - help, Shift-Dir - straight line, f - phantom
Aim: a phantom (moderately damaged, 60% to hit)
The bolt of acid hits the phantom!
The phantom is severely damaged.
The bolt of acid hits the quokka!
You kill the quokka!
The bolt of acid hits something!
The phantom hits you!
* * * LOW HITPOINT WARNING * * *
Unknown command.
Unknown command.
You closely miss the phantom. Your touch misses the phantom.
The phantom is severely damaged.
The phantom hits you but does no damage.
You hit the phantom.
You touch the phantom.
You destroy the phantom!
Your Short Blades skill increases to level 3!
Something hits you.
* * * LOW HITPOINT WARNING * * *
Something hits you.
* * * LOW HITPOINT WARNING * * *
You closely miss something. Something barely misses you. Something hits you.
* * * LOW HITPOINT WARNING * * *
You hit something. You freeze something. Something hits you.
* * * LOW HITPOINT WARNING * * *
You hear some strange, mumbled words.
A puff of flame appears from out of thin air!
The puff of flame hits you!
You die...

*,,,*****,* *,***** **,*
**,** **,##******,,,,,****,,,
*,*****,*..,,,,,,,,,,,,,,,,,,
*,,,,,,**#.**********,****,,,
*******,#..* *,* **** **.#.*
*,* *.#.* *,* **
####.#.##########,* *,
#..)...{@........,* *,
#.####.{#########** *, #.#
##.# *, #.# #.# *, #.# #.# *,
#####.#####.#** ***,
#............,********* **,*,
#.###.#####.#,,,,,,,,,***,*,,
#.# #.# *,*********,**,***,


There were no monsters in sight!

Vanquished Creatures
  A phantom (D:4)
  Jessica (D:3)
  Terence (D:3)
  8 adders
  A dart slug (D:2)
  3 orcs
  2 endoplasms (D:2)
  A giant cockroach (D:2)
  6 goblins
  5 hobgoblins
  4 jackals (D:1)
  4 kobolds
  6 quokkas
  6 ball pythons
  4 bats
  3 frilled lizards
  6 rats
62 creatures vanquished.

Vanquished Creatures (others)
  A plant (D:3)
1 creature vanquished.

Grand Total: 63 creatures vanquished

Notes
Turn   | Place    | Note
-------+----------+-------------------------------------------
     0 | D:1      | Newt the Demonspawn Gladiator began the quest for the Orb.
     0 | D:1      | Reached XP level 1. HP: 16/16 MP: 1/1
    60 | D:1      | Found a faded altar of an unknown god.
   270 | D:1      | Gained mutation: Your touch may inflict minor irresistible
                  | damage on your foes. [demonic ancestry]
   270 | D:1      | Reached XP level 2. HP: 18/23 MP: 2/2
   638 | D:2      | Gained mutation: Your demonic aura sometimes causes spilled
                  | blood to erupt in flames. [demonic ancestry]
   638 | D:2      | Reached XP level 3. HP: 28/29 MP: 3/3
  1608 | D:3      | Gained mutation: You sometimes gain a little power by
                  | taking damage. [demonic ancestry]
  1608 | D:3      | Reached XP level 4. HP: 37/37 MP: 4/4
  1689 | D:3      | Noticed Terence
  1691 | D:3      | Noticed Jessica
  1704 | D:3      | Killed Jessica
  1710 | D:3      | Killed Terence
  1811 | D:3      | Reached XP level 5. HP: 37/42 MP: 5/5
  2368 | D:3      | Found a shimmering blue altar of Sif Muna.
  2518 | D:4      | Identified the +6 dagger "Ripudyem" {freeze, rN+}
  2613 | D:4      | Noticed a phantom
  2628 | D:4      | Killed a phantom
  2631 | D:4      | Killed from afar by an orc wizard

Illustrated notes

Levels and vault maps discovered:
D:1:      enne_arrival_octagon_isle, layout_loops_ring,
          ebering_ecumenical_altar_rust
D:2:      layout_loops_corners, minmay_strange_pillars
D:3:      cheibrodos_old_hovel, layout_rooms, lemuel_blue_sif_altar,
          minivault_14, minmay_door_square, uniq_terence, uniq_jessica
D:4:      layout_loops_ring

Skill      XL: |  1  2  3  4  5 |
---------------+----------------+-----
Fighting       | 3 4 |  4.0
Throwing       | 2 3 4 |  4.0
Short Blades   | 3 |  3.7
Dodging        | |  2.6

Action                     |  1- 3 |  4- 6 || total
---------------------------+-------+-------++-------
  Melee: Rapier            |    35 |       ||    35
         Touch             |    14 |    11 ||    25
         Short sword       |    32 |       ||    32
         Dagger            |    18 |    61 ||    79
  Throw: Javelin           |       |     3 ||     3
         Throwing net      |       |     3 ||     3
  Evoke: Wand              |       |     1 ||     1
    Use: Scroll            |     2 |     3 ||     5
         Potion            |       |     1 ||     1
 Armour: Leather armour    |    21 |    13 ||    34
  Dodge: Dodged            |    49 |    29 ||    78

Table legend: (Time is in decaauts)
 A = Elapsed time spent in this place.
 B = Non-inter-level travel time spent in this place.
 C = Inter-level travel time spent in this place.
 D = Time resting spent in this place.
 E = Time spent auto-exploring this place.
 F = Levels seen in this place.
 G = Mean time per level.
                   A        B        C        D        E       F      G
               +--------+--------+--------+--------+--------+-----+--------+
         Total |   2622 |   2534 |     88 |     89 |   2040 |   4 |  655.5 |
       Dungeon |   2622 |   2534 |     88 |     89 |   2040 |   4 |  655.5 |
               +--------+--------+--------+--------+--------+-----+--------+

Top non-repeatable levels by time:
     D:2: 942 daAuts
     D:3: 874 daAuts
     D:1: 589 daAuts
     D:4: 216 daAuts
